Construct Infanterie Kompanie
Selects Luftwaffe Battlegroup
Selects Luftwaffe Pioneer Support
Fallschirmpioneer Squad Paradrop
Construct Luftwaffe Kompanie
Selects Stuka Strafing Run
Selects Fallschirmjäger Squad Paradrop
Fallschirmjäger Squad Paradrop
Selects LG40 Recoilless Gun Paradrop
LG40 Recoilless Gun Paradrop
Marder III M Tank Destroyer
Luftwaffe Officer Quarters
Fallschirmjäger Squad Paradrop
Construct Panzer Kompanie
Selects Infantry Reserves
Fallschirmpioneer Squad Paradrop
Fallschirmjäger Squad Paradrop
Infanterie Officer Quarters